 Dungeon Crawl Stone Soup version 0.21.1-1-g345015f (webtiles) character file.

49309 prawnwizard the Grappler (level 14, -5/99 HPs)
             Began as an Octopode Fighter on July 4, 2018.
             Was a High Priest of Okawaru.
             Slain by a komodo dragon (18 damage)
             ... on level 2 of the Lair of Beasts.
             The game lasted 01:54:48 (26014 turns).

prawnwizard the Grappler (Octopode Fighter)        Turns: 26014, Time: 01:54:49

Health: -5/99      AC:  1    Str: 20    XL:     14   Next: 50%
Magic:  19/27      EV: 28    Int: 12    God:    Okawaru [*****.]
Gold:   1096       SH: 10    Dex: 14    Spells: 12/17 levels left

rFire    . . .     SeeInvis .     - Unarmed
rCold    . . .     Gourm    .   P - +3 buckler {reflect}
rNeg     . . .     Faith    .   (helmet restricted)
rPois    .         Spirit   .   (no amulet)
rElec    .         Reflect  +   o - ring of wizardry
rCorr    +         Harm     .   d - +4 ring of evasion
MR       +....                  p - +4 ring of strength
Stlth    ++++......             y - ring of resist corrosion
HPRegen  0.26/turn              e - ring of magical power
MPRegen  0.20/turn              (no ring)
                                (no ring)
                                (no ring)

@: heroism, finesse
A: almost no armour, stealthy swim, amphibious, 8 rings, constrict 8, camouflage
1, gelatinous body 1
a: Heroism, Finesse, Renounce Religion


You were on level 2 of the Lair of Beasts.
You worshipped Okawaru.
Okawaru was extremely pleased with you.
You were not hungry.

You visited 3 branches of the dungeon, and saw 18 of its levels.
You also visited: Ossuary.

You collected 1096 gold pieces.

Inventory:

Hand Weapons
 i - a +7 arbalest of velocity
 G - the +4 dagger of Annihilation {venom, rC+ rN+}
   (You found it on level 9 of the Dungeon)

   It poisons the flesh of those it strikes.
   It protects you from cold.
   It protects you from negative energy.
Missiles
 O - 159 arrows
Armour
 B - a +1 buckler of positive energy
 P - a +3 buckler of reflection (worn)
 Q - the +1 buckler "Qiosymeq" {rElec Regen+ Stlth+}
   (Okawaru gifted it to you on level 3 of the Lair of Beasts)

   It insulates you from electricity.
   It increases your rate of regeneration.
   It makes you more stealthy.
Magical Staves
 v - an uncursed staff of wizardry
Jewellery
 d - a +4 ring of evasion (right tentacle)
 e - a ring of magical power (on tentacle)
 o - a ring of wizardry (left tentacle)
 p - a +4 ring of strength (on tentacle)
 q - an uncursed ring of fire
 y - a ring of resist corrosion (on tentacle)
 A - an uncursed ring of fire
 M - an uncursed ring of flight
Wands
 a - a wand of paralysis (15)
 t - a wand of polymorph (26)
 z - a wand of acid (16)
 C - a wand of enslavement (31)
 K - a wand of iceblast (24)
 S - a wand of random effects (17)
 Y - a wand of scattershot (3)
Scrolls
 g - 4 scrolls of fog
 h - 4 scrolls of immolation
 k - a scroll of blinking
 l - 9 scrolls of remove curse
 n - 2 scrolls of amnesia
 s - 2 scrolls of teleportation
 U - a scroll of enchant armour
 W - 3 scrolls of magic mapping
Potions
 b - a potion of might
 f - 9 potions of curing
 j - 3 potions of ambrosia
 m - 4 potions of lignification
 D - a potion of flight
 F - a potion of magic
 H - 2 potions of haste
 I - 3 potions of brilliance
 L - a potion of invisibility
 R - 2 potions of mutation {unknown}
Books
 r - a book of Unlife

   Spells                             Type                      Level
   a - Recall                         Summoning/Translocation      3
   b - Animate Dead                   Necromancy                   4
   c - Borgnjor's Vile Clutch         Necromancy/Earth             5
   d - Death Channel                  Necromancy                   6
   e - Simulacrum                     Ice/Necromancy               6
 w - a book of Conjurations

   Spells                             Type                      Level
   a - Magic Dart                     Conjuration                  1
   b - Searing Ray                    Conjuration                  2
   c - Dazzling Spray                 Conjuration/Hexes            3
   d - Fulminant Prism                Conjuration/Hexes            4
   e - Force Lance                    Conjuration/Translocation    4
   f - Iskenderun's Mystic Blast      Conjuration                  4
 x - a book of Changes

   Spells                             Type                      Level
   a - Beastly Appendage              Transmutation                1
   b - Sticks to Snakes               Transmutation                2
   c - Spider Form                    Transmutation/Poison         3
   d - Ice Form                       Ice/Transmutation            4
   e - Blade Hands                    Transmutation                5
 N - a book of Party Tricks

   Spells                             Type                      Level
   a - Summon Butterflies             Summoning                    1
   b - Apportation                    Translocation                1
   c - Lesser Beckoning               Translocation                3
   d - Tukima's Dance                 Hexes                        3
   e - Alistair's Intoxication        Transmutation/Poison         5
   f - Invisibility                   Hexes                        6
 V - a book of the Tempests

   Spells                             Type                      Level
   a - Static Discharge               Conjuration/Air              3
   b - Lightning Bolt                 Conjuration/Air              5
   c - Ignition                       Fire                         8
   d - Tornado                        Air                          9
   e - Shatter                        Earth                        9
 Z - a book of Air

   Spells                             Type                      Level
   a - Shock                          Conjuration/Air              1
   b - Swiftness                      Charms/Air                   2
   c - Static Discharge               Conjuration/Air              3
   d - Airstrike                      Air                          4
   e - Lightning Bolt                 Conjuration/Air              5
Comestibles
 c - 29 rations
 u - 3 chunks of flesh


   Skills:
 + Level 10.5(15.5) Fighting
 + Level 11.7(16.7) Dodging
 - Level 6.4(11.4) Shields
 + Level 13.9(18.9) Unarmed Combat
 - Level 2.4 Spellcasting
 - Level 10.1 Transmutations
 + Level 6.5 Invocations
 * Level 5.1 Evocations


You had 12 spell levels left.
You knew the following spells:

 Your Spells              Type           Power        Failure   Level  Hunger
a - Sticks to Snakes      Tmut           ####....     1%          2    ###....
b - Spider Form           Tmut/Pois      ##........   4%          3    ####...


Dungeon Overview and Level Annotations

Branches:
Dungeon (11/15)            Temple (1/1) D:6            Lair (6/6) D:9
  Swamp (0/4) Lair:2       Spider (0/4) Lair:3        Slime (0/5) Lair:6
    Orc: D:9-12

Altars:
Cheibriados
Dithmenos
Elyvilon
Fedhas
Gozag
Hepliaklqana
Kikubaaqudgha
Okawaru
Ru
Sif Muna
Trog
Xom
Yredelemnul
Zin
The Shining One

Shops:
D:7 :![=*   D:8 !   D:9 ?

Annotations:
D:3 mistaj's ghost, amateur DDMo
D:9 Pooter's ghost, novice DDBe
D:11 Psyche
Lair:2 exclusion: oklob plant
Lair:4 Anyndel's ghost, journeyman DECj


Innate Abilities, Weirdness & Mutations

You cannot wear most types of armour.
You are very stealthy in the water. (Stealth+)
You are amphibious.
You can wear up to eight rings at the same time.
You can use your tentacles to constrict eight enemies at once.
Your skin changes colour to match your surroundings (Stealth+).
Your rubbery body absorbs attacks. (AC +1, EV +1)


Message History

The blink frog is lightly wounded.
You constrict the blink frog. You block the blink frog's attack.
You batter the blink frog!!
You kill the blink frog!
Okawaru accepts your kill.
The blink frog blinks!
You completely miss the blink frog. Your grab misses the blink frog.
You batter the blink frog!!
You kill the blink frog!
Okawaru accepts your kill. The komodo dragon bites you!!
* * * LOW HITPOINT WARNING * * *
Things that are here:
a blink frog corpse; a death yak corpse x2
The sentinel's mark upon you fades away.
The blink frog blinks!
You bludgeon the komodo dragon! You squeeze the komodo dragon!
The komodo dragon is severely wounded.
The komodo dragon bites you!!
You die...

........(.#.##...#
......†.....#...##
.>.⌠..⌠...##.#...#
............#...#
.........Yt.....#
.⌠...###.F#..#..#
......####Y§## .#
#........#l## ..#
##...⌠...+@# ..#
##..#........##
.P###P..#......+..#
........####....###
#.#P....# ##.###
........#####.######.
.............÷.......
...#.................
.....................


You could see 2 death yaks, a komodo dragon and a blink frog.

Vanquished Creatures
  An entropy weaver (Lair:4)
  A dire elephant (Lair:6)
  A hydra (Lair:5)
  A catoblepas (Lair:6)
  5 two-headed ogres
  A deep troll shaman (Lair:6)
  12 death yaks
  The ghost of prawnwizard the Changer, a novice OpTm of Okawaru (D:8)
  10 elephants
  Joseph (D:7)
  3 black mambas
  A manticore (D:11)
  3 rime drakes
  9 spiny frogs
  2 komodo dragons
  2 polar bears
  3 trolls
  A jumping spider (Lair:3)
  11 dream sheep
  7 hippogriffs
  19 blink frogs
  A wraith (D:10)
  3 wyverns
  42 yaks
  A hungry ghost (D:10)
  2 basilisks
  A steam dragon (D:9)
  Menkaure (D:7)
  14 soldier ants
  3 orc warriors
  8 porcupines
  6 water moccasins
  3 black bears
  3 sky beasts
  7 ogres
  A phantom (D:8)
  A necrophage (D:10)
  4 centaurs
  12 wolves
  11 crocodiles
  12 bullfrogs
  3 scorpions
  5 killer bees (D:11)
  5 wights
  3 electric eels
  3 howler monkeys
  5 crimson imps
  6 bullfrog zombies
  3 centaur zombies (Ossuary)
  4 quasits
  3 jellies
  6 orc priests
  A hound (D:9)
  A bullfrog skeleton (D:6)
  2 centaur skeletons
  11 orc wizards
  2 iguanas (D:5)
  12 worker ants
  4 hell rats (D:9)
  5 big kobold zombies (Ossuary)
  2 hound skeletons
  4 mummies (Ossuary)
  A worker ant zombie (D:8)
  16 adders
  8 gnolls
  2 river rats (D:9)
  A shadow imp (D:5)
  An ooze (D:2)
  2 worm zombies (D:7)
  An adder skeleton (D:8)
  2 adder zombies
  A worm (D:2)
  4 leopard geckos
  28 orcs
  6 giant cockroaches
  9 goblins
  9 hobgoblins
  8 jackals
  9 kobolds
  5 quokkas
  A ball python (D:3)
  11 bats
  2 frilled lizards (D:2)
  A hobgoblin zombie (Ossuary)
  2 leopard gecko skeletons
  A leopard gecko zombie (D:9)
  A quokka skeleton (D:4)
  A quokka zombie (D:5)
  10 rats
  2 bushes (D:7)
  A plant (Lair:4)
467 creatures vanquished.

Vanquished Creatures (collateral kills)
  2 yaks
2 creatures vanquished.

Vanquished Creatures (others)
  A bush (Lair:6)
  13 fungi
  13 plants
27 creatures vanquished.

Grand Total: 496 creatures vanquished

Notes
Turn   | Place    | Note
-------+----------+-------------------------------------------
     0 | D:1      | prawnwizard the Octopode Fighter began the quest for the Orb.
     0 | D:1      | Reached XP level 1. HP: 16/16 MP: 1/1
   315 | D:1      | Reached XP level 2. HP: 21/21 MP: 2/2
   459 | D:1      | Reached skill level 3 in Unarmed Combat
   733 | D:2      | Reached skill level 4 in Unarmed Combat
   733 | D:2      | Reached XP level 3. HP: 16/26 MP: 3/3
   815 | D:2      | Reached XP level 4. HP: 14/31 MP: 4/4
  1565 | D:3      | Noticed a bullfrog
  1572 | D:3      | Killed a bullfrog
  1572 | D:3      | Reached skill level 5 in Unarmed Combat
  1572 | D:3      | Reached XP level 5. HP: 36/36 MP: 5/5
  1688 | D:3      | Found a basalt altar of Yredelemnul.
  1887 | D:3      | Reached skill level 6 in Unarmed Combat
  1887 | D:3      | Reached XP level 6. HP: 37/42 MP: 6/6
  1926 | D:3      | Noticed mistaj's ghost (amateur DDMo)
  2540 | D:4      | Reached skill level 7 in Unarmed Combat
  2558 | D:4      | Reached XP level 7. HP: 30/46 MP: 3/7
  3290 | D:4      | Reached skill level 8 in Unarmed Combat
  3510 | D:5      | Entered Level 5 of the Dungeon
  3675 | D:5      | Reached skill level 9 in Unarmed Combat
  3681 | D:5      | Reached XP level 8. HP: 42/52 MP: 8/8
  4445 | D:6      | Found a staircase to the Ecumenical Temple.
  4489 | Temple   | Entered the Ecumenical Temple
  4524 | Temple   | Became a worshipper of Warmaster Okawaru
  4553 | D:6      | Reached skill level 10 in Unarmed Combat
  5210 | D:6      | Reached * piety under Okawaru
  5667 | D:6      | Reached XP level 9. HP: 58/58 MP: 9/9
  5684 | D:7      | Found Hecel's Distillery.
  5684 | D:7      | Found a sand-covered staircase.
  5702 | Ossuary  | Entered an ossuary
  6548 | D:6      | Reached skill level 5 in Fighting
  6548 | D:6      | Reached skill level 5 in Dodging
  6548 | D:6      | Reached skill level 5 in Shields
  6599 | D:7      | Noticed Joseph
  6894 | D:7      | Found a white marble altar of Elyvilon.
  6894 | D:7      | Found a hazy altar of Hepliaklqana.
  7200 | D:7      | Found a deep blue altar of Sif Muna.
  7246 | D:7      | Found a sacrificial altar of Ru.
  7314 | D:7      | Found Pej Qiux's Armour Boutique.
  7361 | D:7      | Found Okofaata's Assorted Antiques.
  7402 | D:7      | Reached ** piety under Okawaru
  7660 | D:7      | Noticed Menkaure
  7668 | D:7      | Killed Menkaure
  7949 | D:7      | Killed Joseph
  8058 | D:7      | Found Xaun's Jewellery Boutique.
  8088 | D:7      | Found a blossoming altar of Fedhas.
  8305 | D:7      | Found Osawomer's Book Shoppe.
  8531 | D:8      | Reached XP level 10. HP: 25/68 MP: 7/10
  8745 | D:8      | Found Pomod's Distillery.
  8758 | D:8      | Learned a level 2 spell: Sticks to Snakes
  8819 | D:8      | Noticed a two-headed ogre
  8837 | D:8      | Noticed prawnwizard's ghost (novice OpTm)
  8866 | D:8      | Killed prawnwizard's ghost
  8866 | D:8      | Reached *** piety under Okawaru
  8992 | D:8      | Noticed a two-headed ogre
  9259 | D:9      | Noticed Pooter's ghost (novice DDBe)
  9304 | D:9      | Got a scorched dagger
  9305 | D:9      | Identified the +4 dagger of Annihilation {venom, rC+ rN+} (You found it on level 9 of the Dungeon)
  9307 | D:9      | Noticed a death yak
  9308 | D:9      | Noticed a death yak
  9330 | D:9      | Noticed a death yak
  9334 | D:9      | Killed a death yak
  9334 | D:9      | Reached skill level 1 in Spellcasting
  9345 | D:9      | Killed a death yak
  9345 | D:9      | Received a gift from Okawaru
  9709 | D:9      | Found a shimmering altar of Xom.
  9711 | D:9      | Noticed a two-headed ogre
  9711 | D:9      | Noticed a two-headed ogre
  9764 | D:8      | Killed a two-headed ogre
  9764 | D:8      | Reached **** piety under Okawaru
  9764 | D:8      | Reached skill level 5 in Transmutations
  9984 | D:8      | Learned a level 3 spell: Spider Form
 10067 | D:8      | Received a gift from Okawaru
 10144 | D:8      | Killed a two-headed ogre
 10144 | D:8      | Reached XP level 11. HP: 75/75 MP: 11/14
 10359 | D:8      | Killed a two-headed ogre
 10548 | D:9      | Found Heniopyludd's Magic Scroll Shoppe.
 10715 | D:9      | Killed a two-headed ogre
 11054 | D:9      | Found a staircase to the Lair.
 11101 | D:9      | Killed a death yak
 11101 | D:9      | Reached ***** piety under Okawaru
 12447 | D:10     | Entered Level 10 of the Dungeon
 12559 | D:9      | Reached skill level 11 in Unarmed Combat
 13296 | D:10     | Noticed a two-headed ogre
 13313 | D:10     | Killed a two-headed ogre
 14063 | D:10     | Reached XP level 12. HP: 70/84 MP: 15/15
 14349 | D:10     | Received a gift from Okawaru
 14845 | D:11     | Noticed Psyche
 15191 | Lair:1   | Entered Level 1 of the Lair of Beasts
 17109 | Lair:2   | Found a deep blue altar of Sif Muna.
 17142 | Lair:2   | Reached skill level 12 in Unarmed Combat
 17311 | Lair:3   | Found a glowing silver altar of Zin.
 17398 | Lair:2   | HP: 3/85 [elephant (13)]
 18012 | Lair:2   | Received a gift from Okawaru
 18012 | Lair:2   | Reached skill level 10 in Dodging
 18363 | Lair:3   | Reached skill level 1 in Invocations
 18397 | Lair:3   | Found a hole to the Spider Nest.
 18428 | Lair:3   | Received a gift from Okawaru
 18429 | Lair:3   | Got a slimy buckler {god gift}
 18440 | Lair:3   | Identified the +1 buckler "Qiosymeq" {rElec Regen+ Stlth+} (Okawaru gifted it to you on level 3 of the Lair of Beasts)
 18623 | Lair:3   | Reached XP level 13. HP: 22/90 MP: 12/16
 19575 | Lair:4   | Noticed an entropy weaver
 19589 | Lair:4   | Killed an entropy weaver
 19816 | Lair:4   | Noticed an entropy weaver
 19883 | Lair:4   | Reached skill level 10 in Transmutations
 19941 | Lair:4   | Found a shadowy altar of Dithmenos.
 19978 | Lair:4   | Noticed Anyndel's ghost (journeyman DECj)
 20559 | Lair:5   | Reached skill level 5 in Invocations
 21339 | Lair:5   | Identified a scroll of acquirement
 21375 | Lair:6   | Entered Level 6 of the Lair of Beasts
 22415 | Lair:5   | Reached skill level 13 in Unarmed Combat
 22788 | Lair:6   | Received a gift from Okawaru
 23250 | Lair:6   | Found a staircase to the Slime Pits.
 24120 | Lair:6   | Reached skill level 10 in Fighting
 24120 | Lair:6   | Reached XP level 14. HP: 86/99 MP: 18/18
 24256 | Lair:6   | Reached skill level 1 in Evocations
 24524 | Lair:6   | Received a gift from Okawaru
 25101 | Lair:6   | Noticed a dire elephant
 25152 | Lair:6   | Killed a dire elephant
 25715 | Lair:2   | Found a staircase to the Swamp.
 26005 | Lair:2   | Reached skill level 5 in Evocations
 26014 | Lair:2   | Slain by a komodo dragon

Skill      XL: |  1  2  3  4  5  6  7  8  9 10 11 12 13 14 |
---------------+-------------------------------------------+-----
Unarmed Combat | 4 5 6 7 9 10 11 12 13 | 13.9
Fighting       | 4 6 7 8 9 10 | 10.5
Dodging        | 4 6 7 8 10 11 | 11.7
Shields        | 4 6 |  6.4
Spellcasting   | 2 |  2.4
Transmutations | 6 8 9 10 | 10.1
Invocations    | 2 6 |  6.5
Evocations     | 5 |  5.1

Action                   |  1- 3 |  4- 6 |  7- 9 | 10-12 | 13-15 || total
-------------------------+-------+-------+-------+-------+-------++-------
Melee: Unarmed           |    58 |   109 |   383 |   635 |   487 ||  1672
       Constrict         |    14 |    29 |    72 |    50 |    70 ||   235
       Tentacles         |     8 |    26 |    97 |   139 |   139 ||   409
       Punch             |       |       |    28 |    43 |    79 ||   150
 Cast: Spider Form       |       |       |       |     6 |       ||     6
       Sticks to Snakes  |       |       |       |    21 |    33 ||    54
Invok: Heroism           |       |       |     2 |     8 |     8 ||    18
       Finesse           |       |       |       |       |     5 ||     5
  Use: Scroll            |       |       |    11 |    11 |    13 ||    35
       Potion            |       |       |       |     4 |     2 ||     6
 Stab: Sleeping          |     3 |     3 |     6 |     9 |     1 ||    22
       Distracted        |     1 |       |       |     1 |     1 ||     3
  Eat: Chunk             |       |     4 |    13 |    19 |    13 ||    49
       Ration            |       |       |     2 |     5 |     4 ||    11
Armor: Skin              |     5 |     3 |     8 |    11 |     3 ||    30
Dodge: Dodged            |    29 |    57 |   121 |   425 |   278 ||   910
Block: Shield            |    26 |    48 |   117 |     1 |       ||   192
       Buckler           |       |       |       |   180 |   149 ||   329
       Reflection        |       |       |       |       |     1 ||     1
